 Dungeon Crawl Stone Soup version 0.32-a0-909-gc671339a80 (webtiles) character file.

Game seed: 12342873645686982624

2929 gohu the Cleaver (level 9, -4/75 HPs)
             Began as a Mountain Dwarf Fighter on Apr 6, 2024.
             Was a Follower of Makhleb.
             Slain by a hornet (9 damage)
             ... on level 7 of the Dungeon.
             The game lasted 00:09:56 (6432 turns).

gohu the Cleaver (Mountain Dwarf Fighter)           Turns: 6432, Time: 00:09:57

Health: -4/75      AC: 13    Str: 22    XL:     9   Next: 50%
Magic:  9/9        EV:  7    Int: 10    God:    Makhleb [*.....]
Gold:   379        SH:  4    Dex:  9    Spells: 8/8 levels left

rFire   . . .        a - +0 war axe
rCold   . . .        c - +0 buckler
rNeg    . . .        q - +0 chain mail
rPois   +            (no helmet)
rElec   +            w - +0 cloak
rCorr   .            (no gloves)
SInv    .            d - +0 pair of boots of Poor Excuses {rElec rPois}
Will    .....        (no amulet) Stlth
                     (no ring)
HPRegen 0.32/turn    (no ring)
MPRegen 0.11/turn

%: no passive effects
@: slowed, very slow
A: runic magic, artefact enchanting
a: Renounce Religion


You were on level 7 of the Dungeon.
You worshipped Makhleb.
Makhleb was aware of your devotion.
You visited 2 branches of the dungeon, and saw 8 of its levels.

You collected 379 gold pieces.

Inventory:

Hand Weapons
 a - a +0 war axe (weapon)
Armour
 b - a +0 scale mail
 c - a +0 buckler (worn)
 d - the +0 pair of boots of Poor Excuses (worn) {rElec rPois}
   (You found it on level 6 of the Dungeon)

   rElec:     It insulates you from electricity.
   rPois:     It protects you from poison.
 g - a +0 pair of boots
 q - a +0 chain mail (worn)
 w - a +0 cloak (worn)
Wands
 s - a wand of roots (16)
 u - a wand of mindburst (5)
Scrolls
 e - 4 scrolls of identify {unknown}
 f - a scroll of blinking {unknown}
 j - 2 scrolls of enchant weapon {unknown}
 l - a scroll of amnesia {unknown}
 n - 4 scrolls of summoning {unknown}
 r - a scroll of revelation {unknown}
 v - 2 scrolls of fear {unknown}
 x - a scroll of fog {unknown}
Potions
 h - a potion of haste {unknown}
 i - 2 potions of heal wounds
 k - a potion of enlightenment {unknown}
 m - 3 potions of curing {unknown}
 o - a potion of degeneration {unknown}
 p - 2 potions of lignification {unknown}
 t - a potion of resistance {unknown}


   Skills:
 + Level 5.7 Fighting
 * Level 12.9 Axes
 + Level 6.8 Armour
 + Level 4.7 Shields
 + Level 0.8 Evocations


You had 8 spell levels left.
You didn't know any spells.
Your spell library contained the following spells:

 Spells                   Type           Power      Damage    Failure   Level
 Apportation              Tloc           0%         N/A       56%         1
 Cigotuvi's Dreadful Rot  Necr/Alch/Air  0%         N/A       71%         2
 Jinxbite                 Hex            0%         N/A       71%         2
 Lesser Beckoning         Tloc           0%         N/A       71%         2
 Maxwell's Portable Pile  Tloc           0%         2d(5-13)  91%         3
 Passwall                 Erth           0%         N/A       91%         3
 Teleport Other           Tloc           0%         N/A       91%         3
 Volatile Blastmotes      Fire/Tloc      0%         2d10      91%         3
 Dispel Undead            Necr           0%         3d6       100%        4
 Martyr's Knell           Necr/Summ      0%         N/A       100%        4
 Vhi's Electric Charge    Tloc/Air       0%         N/A       100%        4
 Alistair's Intoxication  Alch           0%         N/A       100%        5
 Bombard                  Conj/Erth      0%         9d1       100%        6


Dungeon Overview and Level Annotations

Branches:
Dungeon (7/15)             Temple (1/1) D:5

Altars:
Ashenzari
Cheibriados
Dithmenos
Elyvilon
Fedhas
Gozag
Hepliaklqana
Kikubaaqudgha
Makhleb
Nemelex Xobeh
Okawaru
Qazlal
Ru
Sif Muna
Trog
Uskayaw
Xom
Yredelemnul

Shops:
D:2 :   D:3 (


Innate Abilities, Weirdness & Mutations

Your spellcasting is much less encumbered by armour.
You can use scrolls of enchantment on lesser artefacts.


Message History

You closely miss the hornet.
The hornet is moderately wounded.
The hornet stings you.
You feel as though you will be slow longer.
The hornet stings you.
You feel as though you will be slow longer.
You are too injured to fight recklessly!
You are too injured to fight recklessly!
You are too injured to fight recklessly!
You are too injured to fight recklessly!
You are too injured to fight recklessly!
You are too injured to fight recklessly!
You are too injured to fight recklessly!
You are too injured to fight recklessly!
You are too injured to fight recklessly!
You are too injured to fight recklessly!
You are too injured to fight recklessly!
You are too injured to fight recklessly!
You are too injured to fight recklessly!
You hit the hornet.
The hornet is heavily wounded.
The hornet stings you. You block the hornet's attack.
You slash the hornet!
The hornet is almost dead.
The hornet stings you but does no damage. x2
You hit the hornet but do no damage.
The hornet is almost dead.
The hornet stings you but does no damage.
The hornet stings you!
* * * LOW HITPOINT WARNING * * *
You feel as though you will be slow longer.
You barely miss the hornet.
The hornet is almost dead.
The hornet stings you!
* * * LOW HITPOINT WARNING * * *
The hornet stings you but does no damage.
You closely miss the hornet.
The hornet is almost dead.
The hornet stings you!
You die...

#.........# ######.##..#.#.#
.............#.##########
........................# ######
..................#####.# ##.....
#....#.###.#.#.##.#####.# #......
..#..#......<)..........# #......
.###.#####.#..........#.# #......
..#..#>.........@y....<.# #.#####
#....#..##.#...(####.#..###.# #.#
##..........).#...##........###.#
#....#.###....#)#.......###......
..#....###..............# #.#....
.###.............(......###.#....
..#..............#..........÷....
.....#.###.#..#..#......###.#....
...........#..#.#†#.........#....


You could see a hornet.

Vanquished Creatures
  Pikel (D:6)
  A cyclops (D:7)
  A gargoyle (D:7)
  A hornet (D:7)
  A wyvern (D:7)
  A steam dragon (D:6)
  A water moccasin (D:7)
  An orc warrior (D:6)
  A lemure (D:6)
  A bullfrog (D:7)
  A gnoll sergeant (D:6)
  5 scorpions
  A howler monkey (D:7)
  5 bombardier beetles
  2 jellies
  A hound (D:4)
  An orc priest (D:6)
  3 iguanas
  A sleepcap (D:3)
  2 orc wizards
  8 gnolls
  6 adders
  2 white imps
  2 ufetubi (D:6)
  2 dart slugs (D:3)
  A ribbon worm (D:3)
  11 orcs
  9 endoplasms
  3 giant cockroaches
  7 goblins
  2 hobgoblins
  4 jackals (D:5)
  2 quokkas
  9 ball pythons
  7 bats
  3 frilled lizards
  3 kobolds
  2 rats (D:3)
115 creatures vanquished.

Notes
Turn   | Place    | Note
-------+----------+-------------------------------------------
     0 | D:1      | gohu the Mountain Dwarf Fighter began the quest for the
                  | Orb.
     0 | D:1      | Reached XP level 1. HP: 19/19 MP: 1/1
   189 | D:1      | Reached XP level 2. HP: 22/26 MP: 2/2
   266 | D:1      | You fall into a shaft and drop 1 floor!
   560 | D:1      | Reached skill level 3 in Axes
   923 | D:2      | Reached XP level 3. HP: 31/31 MP: 3/3
  1274 | D:2      | Found Kiddext's Vocational Training.
  1719 | D:3      | Reached skill level 4 in Axes
  1900 | D:3      | Reached XP level 4. HP: 40/40 MP: 4/4
  2314 | D:3      | Found Xiori's Weapon Shoppe.
  2747 | D:4      | Reached skill level 5 in Axes
  2865 | D:4      | Noticed an ogre
  3015 | D:3      | Reached XP level 5. HP: 22/46 MP: 5/5
  3205 | D:4      | Reached skill level 6 in Axes
  3318 | D:4      | Reached XP level 6. HP: 46/52 MP: 6/6
  3693 | D:4      | Reached skill level 7 in Axes
  3905 | D:5      | Entered Level 5 of the Dungeon
  4092 | D:5      | Reached XP level 7. HP: 59/59 MP: 7/7
  4171 | D:5      | Found a staircase to the Ecumenical Temple.
  4179 | Temple   | Entered the Ecumenical Temple
  4188 | Temple   | Became a worshipper of Makhleb the Destroyer
  4217 | D:5      | Reached skill level 8 in Axes
  4938 | D:6      | Reached skill level 9 in Axes
  5107 | D:6      | Noticed Pikel
  5121 | D:6      | Killed Pikel
  5122 | D:6      | Reached skill level 10 in Axes
  5122 | D:6      | Reached skill level 5 in Armour
  5122 | D:6      | Reached XP level 8. HP: 45/67 MP: 8/8
  5205 | D:6      | Reached skill level 5 in Fighting
  5205 | D:6      | Identified the +0 pair of boots of Poor Excuses {rElec
                  | rPois}
  5735 | D:7      | Reached skill level 11 in Axes
  5922 | D:7      | Noticed a two-headed ogre
  6015 | D:7      | Noticed a hornet
  6021 | D:7      | Killed a hornet
  6096 | D:6      | Reached XP level 9. HP: 59/74 MP: 9/9
  6170 | D:7      | Reached skill level 12 in Axes
  6171 | D:7      | Reached * piety under Makhleb
  6199 | D:7      | Noticed a cyclops
  6199 | D:7      | Noticed a gargoyle
  6222 | D:7      | Killed a gargoyle
  6251 | D:7      | Killed a cyclops
  6432 | D:7      | Slain by a hornet

Illustrated notes

Levels and vault maps discovered:
D:1:      evilmike_arrival_rings, layout_basic, st_stairs_3
D:2:      layout_loops_corners, dreamdust_wishing_well, nicolae_shop_vocational
D:3:      layout_basic, serial_shops, shop_fountains
D:4:      layout_rooms
D:5:      layout_cave_pools, minmay_temple_entry_junction,
          kennysheep_windowed_goal
D:6:      layout_basic, uniq_pikel
D:7:      minmay_the_grid_four_pointed_star
          [minmay_the_grid_triangle_9x9_shrine,
          minmay_the_grid_triangle_9x9_cache,
          minmay_the_grid_triangle_9x9_tough_junction,
          minmay_the_grid_triangle_9x9_stretched_checkered,
          minmay_the_grid_prize_four_corners], layout_basic,
          nicolae_overflow_macrodata_refinement, serial_corexii_hall,
          corexii_hall_statues_i, corexii_hall_statues_s, minmay_strange_pillars
Temple:   dpeg_three_leaves_temple

Skill      XL: |  1  2  3  4  5  6  7  8  9 |
---------------+----------------------------+-----
Axes           | 3 4 5 6 7 10 11 12 | 12.9
Fighting       | 4 5 |  5.7
Armour         | 4 5 6 |  6.8
Shields        | 4 |  4.7
Evocations     | |  0.8

Action                     |  1- 3 |  4- 6 |  7- 9 || total
---------------------------+-------+-------+-------++-------
  Melee: War axe           |   127 |   170 |   184 ||   481
  Throw: Throwing net      |       |       |     1 ||     1
  Evoke: Wand              |       |       |     5 ||     5
    Use: Potion            |       |     1 |     3 ||     4
   Stab: Distracted        |       |       |     1 ||     1
 Armour: Scale mail        |   115 |   124 |       ||   239
         Chain mail        |       |     2 |   165 ||   167
  Dodge: Dodged            |    50 |    53 |    56 ||   159
  Block: Buckler           |    25 |    24 |    45 ||    94

Table legend: (Time is in decaauts)
 A = Elapsed time spent in this place.
 B = Non-inter-level travel time spent in this place.
 C = Inter-level travel time spent in this place.
 D = Time resting spent in this place.
 E = Time spent auto-exploring this place.
 F = Levels seen in this place.
 G = Mean time per level.
                   A        B        C        D        E       F      G
               +--------+--------+--------+--------+--------+-----+--------+
         Total |   6528 |   6268 |    260 |    264 |   4618 |   8 |  816.0 |
       Dungeon |   6510 |   6250 |    260 |    264 |   4618 |   7 |  930.0 |
        Temple |     18 |     18 |      0 |      0 |      0 |   1 |   18.0 |
               +--------+--------+--------+--------+--------+-----+--------+

Top non-repeatable levels by time:
     D:3: 1398 daAuts
     D:6: 1146 daAuts
     D:4: 985 daAuts
     D:2: 802 daAuts
     D:1: 801 daAuts
     D:7: 708 daAuts
     D:5: 666 daAuts
  Temple: 18 daAuts
